 Dungeon Crawl Stone Soup version 0.22-a0-271-gc000056 (webtiles) character file.

5203 tidbits the Martial Artist (level 10, -1/76 HPs)
             Began as a Gnoll Transmuter on Mar 11, 2018.
             Was a Priest of Cheibriados.
             Shot with an arrow by a centaur (4 damage)
             ... on level 9 of the Dungeon.
             The game lasted 00:18:14 (1831 turns).

tidbits the Martial Artist (Gnoll Transmuter)       Turns: 1831, Time: 00:18:14

Health: -1/76      AC:  7    Str: 22    XL:     10   Next: 60%
Magic:  25/30      EV: 24    Int: 27    God:    Cheibriados [***...]
Gold:   300        SH:  0    Dex: 27    Spells: 8/23 levels left

rFire    . . .     SeeInvis .   y - +3 flail "Rummage" {venom, Str+4} (curse)
rCold    . . .     Gourm    .   (no shield)
rNeg     . . .     Faith    .   B - +1 robe {Archmagi}
rPois    .         Spirit   .   E - +0 helmet
rElec    .         Reflect  .   C - +0 cloak
rCorr    .         Harm     +   (no gloves)
MR       .....                  F - +0 pair of boots
Stlth    +++++.....             g - amulet of harm
HPRegen  0.22/turn              e - ring of magical power
MPRegen  0.22/turn              n - +2 ring of intelligence

@: agile, very slightly contaminated, drained, very slow
A: distributed training, fangs 1, strong nose
a: Bend Time, Temporal Distortion, Renounce Religion


You were on level 9 of the Dungeon.
You worshipped Cheibriados.
Cheibriados was most pleased with you.
You were very hungry.

You visited 2 branches of the dungeon, and saw 11 of its levels.

You collected 300 gold pieces.

Inventory:

Hand Weapons
 h - a +1 dagger
 i - a +1 rapier of draining
   (You found it on level 3 of the Dungeon)
 s - a +1 flail of holy wrath
   (You took it off Edmund on level 6 of the Dungeon)
 y - the cursed +3 flail "Rummage" (weapon) {venom, Str+4}
   (You found it on level 9 of the Dungeon)

   It poisons the flesh of those it strikes.
   It affects your strength (+4).
   It has a curse placed upon it.
Missiles
 a - 12 arrows
 j - 6 tomahawks (quivered)
 A - 16 stones
Armour
 b - a +0 robe
 B - a +1 robe of the Archmagi (worn)
   (You found it on level 4 of the Dungeon)
 C - a +0 cloak (worn)
 E - a +0 helmet (worn)
 F - a +0 pair of boots (worn)
Jewellery
 e - a ring of magical power (left hand)
   (You found it on level 4 of the Dungeon)
 g - an amulet of harm (around neck)
   (You found it on level 5 of the Dungeon)
 n - a +2 ring of intelligence (right hand)
   (You found it on level 5 of the Dungeon)
 o - an uncursed ring of teleportation
   (You found it on level 5 of the Dungeon)
Wands
 f - a wand of flame (8)
 k - a wand of random effects (42)
 m - a wand of polymorph (17)
 x - a wand of disintegration (5)
Scrolls
 r - a scroll of remove curse
 w - 2 scrolls of enchant weapon
Potions
 l - a potion of resistance
 p - 2 potions of haste
 q - a potion of curing {unknown}
 t - a potion of magic {unknown}
 u - a potion of brilliance
 z - a potion of mutation {unknown}
Comestibles
 d - 7 rations
 D - 2 chunks of flesh


   Skills:
 + Level 6.0(5.9) Fighting
 + Level 5.3 Short Blades
 + Level 5.3 Long Blades
 + Level 5.3 Axes
 + Level 5.3 Maces & Flails
 + Level 5.3 Polearms
 + Level 5.3 Staves
 + Level 5.3 Slings
 + Level 5.3 Bows
 + Level 5.3 Crossbows
 + Level 5.3 Throwing
 + Level 5.3 Armour
 + Level 7.1 Dodging
 + Level 5.3 Stealth
 + Level 5.3 Shields
 + Level 8.5 Unarmed Combat
 + Level 7.4(7.3) Spellcasting
 + Level 4.4(4.3) Conjurations
 + Level 4.4(4.3) Hexes
 + Level 4.4(4.3) Charms
 + Level 4.4(4.3) Summonings
 + Level 4.4(4.3) Necromancy
 + Level 4.4(4.3) Translocations
 + Level 5.9(5.8) Transmutations
 + Level 4.4(4.3) Fire Magic
 + Level 4.4(4.3) Ice Magic
 + Level 4.4(4.3) Air Magic
 + Level 4.4(4.3) Earth Magic
 + Level 4.4(4.3) Poison Magic
 + Level 5.9(5.8) Invocations
 + Level 5.3 Evocations


You had 8 spell levels left.
You knew the following spells:

 Your Spells              Type           Power        Failure   Level  Hunger
e - Beastly Appendage     Tmut           ######       1%          1    None
h - Blade Hands           Tmut           ######....   14%         5    #####..
i - Ice Form              Ice/Tmut       ######..     7%          4    ##.....
k - Sticks to Snakes      Tmut           ######..     1%          2    None
p - Spider Form           Tmut/Pois      ######....   1%          3    None


Dungeon Overview and Level Annotations

Branches:
Dungeon (10/15)            Temple (1/1) D:6
   Lair: D:8-11         Orc: D:9-12

Altars:
Cheibriados
Dithmenos
Gozag
Hepliaklqana
Makhleb
Nemelex Xobeh
Vehumet


Innate Abilities, Weirdness & Mutations

Your experience applies equally to all skills.
You have very sharp teeth.
Your uncanny sense of smell can sniff out nearby items.


Message History

Cheibriados appreciates the change of pace.
You slice the gnoll!!
You kill the gnoll!
Cheibriados appreciates the change of pace.
You slice the gnoll!!
You kill the gnoll!
Cheibriados appreciates the change of pace.
Items here: $ ( )))) ? [ †††
Okay, then.
Butcher a gnoll corpse? [(y)es/(n)o/(a)ll/(q)uit/?]
Butcher a gnoll corpse? [(y)es/(n)o/(a)ll/(q)uit/?]
Okay, then.
You butcher the gnoll corpse.
Items here: $ % ( )))) ? [ ÷ †† Unknown command.
A - 16 stones
w - 2 scrolls of enchant weapon (gained 1)
D - 2 chunks of flesh You now have 300 gold pieces (gained 17).
Found a potion of heal wounds.
You see here a tomahawk.
j - 5 tomahawks (gained 1)
You see here a tomahawk.
j - 6 tomahawks (gained 1)
You see here a tomahawk.
j - 7 tomahawks (gained 1)
You are feeling very hungry.
You see here a tomahawk.
j - 8 tomahawks (gained 1)
You see here a tomahawk.
j - 9 tomahawks (gained 1)
A troll comes into view.
Your hands revert to their normal proportions.
The cursed +3 flail "Rummage" {venom, Str+4} unmelds from your body.
The cursed +3 flail "Rummage" {venom, Str+4} begins to drip with poison!
Throwing (i - inventory. (/) - cycle)
j - 9 tomahawks (quivered)
Press: ? - help, Shift-Dir - straight line, f - troll
Aim: a troll (hasn't noticed you)
You throw a tomahawk. The tomahawk hits the troll.
The troll is moderately wounded.
Throwing (i - inventory. (/) - cycle)
j - 8 tomahawks (quivered)
Press: ? - help, Shift-Dir - straight line, f/p - troll
Aim: a troll (lightly wounded)
You throw a tomahawk. The tomahawk hits the troll!
The troll is severely wounded.
Throwing (i - inventory. (/) - cycle)
j - 7 tomahawks (quivered)
Press: ? - help, Shift-Dir - straight line, f/p - troll
Aim: a troll (severely wounded)
You throw a tomahawk. The tomahawk hits the troll.
The troll is almost dead.
A centaur comes into view.
Casting: Blade Hands (quite dangerous; 16% risk of failure)
Confirm with . or Enter, or press ? or * to list all spells.
You feel a surge of power!
You miscast Blade Hands.
You are very lightly contaminated with residual magic.
Your skin tingles.
The centaur shouts!
The centaur wields a shortbow.
The centaur shoots an arrow.
The arrow hits you!
* * * LOW HITPOINT WARNING * * *
The centaur shoots an arrow.
The arrow misses you.
The centaur shoots an arrow.
The arrow closely misses you. The troll bites you.
* * * LOW HITPOINT WARNING * * *
The troll claws you!
* * * LOW HITPOINT WARNING * * *
The troll barely misses you.
The centaur shoots an arrow.
The arrow closely misses you.
You see here an arrow.
You feel much better.
The centaur shoots an arrow.
The arrow hits you!
* * * LOW HITPOINT WARNING * * *
The troll closely misses you. x3
Unknown command.
The centaur shoots an arrow.
The arrow barely misses you. The troll misses you.
The troll completely misses you. x2
You see here an arrow.
Unknown command.
Evoke which item? (* to show all) (? for menu, Esc to quit)
Aiming: Disintegrate
Press: ? - help, Shift-Dir - straight line, f/p - troll
Aim: a troll (heavily wounded, chance to defeat MR: 83%)
The troll is blasted.
You blow up the troll!
Cheibriados appreciates the change of pace.
Your base Fighting skill increases to level 6!
The centaur shoots an arrow.
The arrow completely misses you.
The centaur shoots an arrow.
The arrow hits you.
* * * LOW HITPOINT WARNING * * *
Unknown command.
Okay, then.
You feel agile all of a sudden.
Casting: Blade Hands (slightly dangerous; 14% risk of failure)
Confirm with . or Enter, or press ? or * to list all spells.
You feel a surge of power!
You create 4 snakes!
You now have 12 arrows.
Unknown command.
Evoke which item? (* to show all) (? for menu, Esc to quit)
Aiming: Disintegrate
Press: ? - help, Shift-Dir - straight line, f - centaur
Aim: a centaur, wielding a shortbow (chance to defeat MR: 83%)
The centaur is blasted.
The centaur shoots an arrow.
The arrow hits you.
You die...

...#
#.........c#
...#
#..........#
...#
#........%#.
. ...#
####....%#.#
.. ...#
#.....# . ...
...#
#..%.#.##....
####
#%((#.#S.....
#..c##.S.....
#..#.@.......
#..S.........
#...S########
######


You could see a centaur and 4 friendly adders.

Vanquished Creatures
  The ghost of nikopol the Thaumaturge, a novice DEFE of Sif Muna (D:8)
  A centaur skeleton (D:10)
  A troll (D:9)
  A hippogriff (D:9)
  4 yaks (D:10)
  A hungry ghost (D:10)
  4 wargs (D:10)
  An orc warrior (D:10)
  2 sky beasts
  2 ice beasts (D:5)
  3 ogres
  An eye of draining (D:8)
  2 phantoms (D:9)
  5 bullfrogs
  A wyvern zombie (D:10)
  A gnoll sergeant (D:9)
  A scorpion (D:9)
  5 wights (D:9)
  A howler monkey (D:5)
  A crimson imp (D:10)
  2 bullfrog zombies
  2 jellies
  Crazy Yiuf (D:7)
  2 orc priests
  2 hounds
  11 orc wizards
  An iguana (D:8)
  6 worker ants
  A hound skeleton (D:4)
  4 gnolls (D:9)
  5 adders
  A shadow imp (D:10)
  An ooze (D:1)
  An adder skeleton (D:5)
  2 dart slugs (D:1)
  2 leopard geckos
  15 orcs
  A ball python (D:6)
  2 giant cockroaches
  3 hobgoblins
  7 jackals
  2 quokkas
  A frilled lizard (D:5)
  4 goblins
  A quokka zombie (D:3)
  3 rats
122 creatures vanquished.

Vanquished Creatures (collateral kills)
  2 yaks (D:10)
  Edmund (D:6)
  A scorpion (D:7)
  A wight (D:7)
  A hound (D:5)
  A jelly (D:10)
  An adder (D:8)
  2 orcs
  A giant cockroach (D:3)
  A jackal (D:4)
12 creatures vanquished.

Grand Total: 134 creatures vanquished

Notes
Turn   | Place    | Note
-------+----------+-------------------------------------------
     0 | D:1      | tidbits the Gnoll Transmuter began the quest for the Orb.
     0 | D:1      | Reached XP level 1. HP: 17/17 MP: 6/6
    44 | D:1      | Reached XP level 2. HP: 21/23 MP: 7/7
    48 | D:1      | Learned a level 2 spell: Sticks to Snakes
   135 | D:2      | Found an opulent altar of Gozag.
   248 | D:3      | Found a radiant altar of Vehumet.
   257 | D:4      | Noticed an ogre
   273 | D:3      | Reached XP level 3. HP: 28/28 MP: 9/9
   278 | D:3      | Learned a level 3 spell: Spider Form
   307 | D:3      | Reached skill level 5 in Spellcasting
   379 | D:4      | Reached skill level 1 in Short Blades
   379 | D:4      | Reached skill level 1 in Long Blades
   379 | D:4      | Reached skill level 1 in Axes
   379 | D:4      | Reached skill level 1 in Maces & Flails
   379 | D:4      | Reached skill level 1 in Polearms
   379 | D:4      | Reached skill level 1 in Staves
   379 | D:4      | Reached skill level 1 in Slings
   379 | D:4      | Reached skill level 1 in Bows
   379 | D:4      | Reached skill level 1 in Crossbows
   379 | D:4      | Reached skill level 1 in Throwing
   379 | D:4      | Reached skill level 1 in Armour
   379 | D:4      | Reached skill level 1 in Stealth
   379 | D:4      | Reached skill level 1 in Shields
   379 | D:4      | Reached skill level 1 in Invocations
   379 | D:4      | Reached skill level 1 in Evocations
   379 | D:4      | Reached XP level 4. HP: 30/34 MP: 11/11
   432 | D:4      | Reached skill level 1 in Conjurations
   432 | D:4      | Reached skill level 1 in Hexes
   432 | D:4      | Reached skill level 1 in Charms
   432 | D:4      | Reached skill level 1 in Summonings
   432 | D:4      | Reached skill level 1 in Necromancy
   432 | D:4      | Reached skill level 1 in Translocations
   432 | D:4      | Reached skill level 1 in Fire Magic
   432 | D:4      | Reached skill level 1 in Ice Magic
   432 | D:4      | Reached skill level 1 in Air Magic
   432 | D:4      | Reached skill level 1 in Earth Magic
   432 | D:4      | Reached skill level 1 in Poison Magic
   469 | D:4      | Killed an ogre
   469 | D:4      | Reached skill level 3 in Fighting
   469 | D:4      | Reached skill level 4 in Transmutations
   469 | D:4      | Reached XP level 5. HP: 41/41 MP: 12/12
   519 | D:5      | Entered Level 5 of the Dungeon
   545 | D:6      | Reached XP level 6. HP: 47/47 MP: 13/13
   600 | D:5      | Reached skill level 5 in Dodging
   600 | D:5      | Reached skill level 2 in Invocations
   612 | D:5      | Noticed an ice beast
   624 | D:5      | Killed an ice beast
   624 | D:5      | Reached skill level 2 in Short Blades
   624 | D:5      | Reached skill level 2 in Long Blades
   624 | D:5      | Reached skill level 2 in Axes
   624 | D:5      | Reached skill level 2 in Maces & Flails
   624 | D:5      | Reached skill level 2 in Polearms
   624 | D:5      | Reached skill level 2 in Staves
   624 | D:5      | Reached skill level 2 in Slings
   624 | D:5      | Reached skill level 2 in Bows
   624 | D:5      | Reached skill level 2 in Crossbows
   624 | D:5      | Reached skill level 2 in Throwing
   624 | D:5      | Reached skill level 2 in Armour
   624 | D:5      | Reached skill level 2 in Stealth
   624 | D:5      | Reached skill level 2 in Shields
   624 | D:5      | Reached skill level 2 in Evocations
   637 | D:5      | Noticed an ice beast
   642 | D:5      | Killed an ice beast
   642 | D:5      | Reached XP level 7. HP: 19/52 MP: 15/15
   713 | D:5      | Reached skill level 7 in Unarmed Combat
   713 | D:5      | Reached skill level 2 in Conjurations
   713 | D:5      | Reached skill level 2 in Hexes
   713 | D:5      | Reached skill level 2 in Charms
   713 | D:5      | Reached skill level 2 in Summonings
   713 | D:5      | Reached skill level 2 in Necromancy
   713 | D:5      | Reached skill level 2 in Translocations
   713 | D:5      | Reached skill level 2 in Fire Magic
   713 | D:5      | Reached skill level 2 in Ice Magic
   713 | D:5      | Reached skill level 2 in Air Magic
   713 | D:5      | Reached skill level 2 in Earth Magic
   713 | D:5      | Reached skill level 2 in Poison Magic
   903 | D:5      | Reached skill level 3 in Invocations
   941 | D:6      | Noticed Edmund
   953 | D:6      | Killed Edmund
   953 | D:6      | Reached XP level 8. HP: 41/60 MP: 16/16
   984 | D:6      | Found a staircase to the Ecumenical Temple.
   994 | Temple   | Entered the Ecumenical Temple
  1003 | Temple   | Became a worshipper of Cheibriados the Contemplative
  1078 | D:7      | Reached skill level 4 in Fighting
  1078 | D:7      | Reached skill level 3 in Short Blades
  1078 | D:7      | Reached skill level 3 in Long Blades
  1078 | D:7      | Reached skill level 3 in Axes
  1078 | D:7      | Reached skill level 3 in Maces & Flails
  1078 | D:7      | Reached skill level 3 in Polearms
  1078 | D:7      | Reached skill level 3 in Staves
  1078 | D:7      | Reached skill level 3 in Slings
  1078 | D:7      | Reached skill level 3 in Bows
  1078 | D:7      | Reached skill level 3 in Crossbows
  1078 | D:7      | Reached skill level 3 in Throwing
  1078 | D:7      | Reached skill level 3 in Armour
  1078 | D:7      | Reached skill level 3 in Stealth
  1078 | D:7      | Reached skill level 3 in Shields
  1078 | D:7      | Reached skill level 3 in Evocations
  1100 | D:7      | Reached skill level 6 in Spellcasting
  1190 | D:7      | Learned a level 4 spell: Ice Form
  1196 | D:7      | Learned a level 5 spell: Blade Hands
  1199 | D:7      | Found a runed door.
  1203 | D:7      | Noticed Crazy Yiuf
  1208 | D:7      | Killed Crazy Yiuf
  1239 | D:8      | Noticed nikopol's ghost (novice DEFE)
  1244 | D:8      | Killed nikopol's ghost
  1244 | D:8      | Reached skill level 6 in Dodging
  1244 | D:8      | Reached skill level 3 in Conjurations
  1244 | D:8      | Reached skill level 3 in Hexes
  1244 | D:8      | Reached skill level 3 in Charms
  1244 | D:8      | Reached skill level 3 in Summonings
  1244 | D:8      | Reached skill level 3 in Necromancy
  1244 | D:8      | Reached skill level 3 in Translocations
  1244 | D:8      | Reached skill level 5 in Transmutations
  1244 | D:8      | Reached skill level 3 in Fire Magic
  1244 | D:8      | Reached skill level 3 in Ice Magic
  1244 | D:8      | Reached skill level 3 in Air Magic
  1244 | D:8      | Reached skill level 3 in Earth Magic
  1244 | D:8      | Reached skill level 3 in Poison Magic
  1244 | D:8      | Reached skill level 4 in Invocations
  1244 | D:8      | Reached XP level 9. HP: 66/66 MP: 18/18
  1326 | D:8      | Reached skill level 4 in Short Blades
  1326 | D:8      | Reached skill level 4 in Long Blades
  1326 | D:8      | Reached skill level 4 in Axes
  1326 | D:8      | Reached skill level 4 in Maces & Flails
  1326 | D:8      | Reached skill level 4 in Polearms
  1326 | D:8      | Reached skill level 4 in Staves
  1326 | D:8      | Reached skill level 4 in Slings
  1326 | D:8      | Reached skill level 4 in Bows
  1326 | D:8      | Reached skill level 4 in Crossbows
  1326 | D:8      | Reached skill level 4 in Throwing
  1326 | D:8      | Reached skill level 4 in Armour
  1326 | D:8      | Reached skill level 4 in Stealth
  1326 | D:8      | Reached skill level 4 in Shields
  1326 | D:8      | Reached skill level 4 in Evocations
  1327 | D:8      | Found a hazy altar of Hepliaklqana.
  1345 | D:8      | Reached * piety under Cheibriados
  1412 | D:10     | Entered Level 10 of the Dungeon
  1511 | D:10     | Reached skill level 5 in Fighting
  1518 | D:10     | Reached skill level 8 in Unarmed Combat
  1533 | D:10     | Reached skill level 5 in Invocations
  1557 | D:10     | Reached ** piety under Cheibriados
  1557 | D:10     | Reached XP level 10. HP: 57/74 MP: 8/20
  1560 | D:10     | Reached skill level 7 in Spellcasting
  1583 | D:10     | Reached skill level 4 in Conjurations
  1583 | D:10     | Reached skill level 4 in Hexes
  1583 | D:10     | Reached skill level 4 in Charms
  1583 | D:10     | Reached skill level 4 in Summonings
  1583 | D:10     | Reached skill level 4 in Necromancy
  1583 | D:10     | Reached skill level 4 in Translocations
  1583 | D:10     | Reached skill level 4 in Fire Magic
  1583 | D:10     | Reached skill level 4 in Ice Magic
  1583 | D:10     | Reached skill level 4 in Air Magic
  1583 | D:10     | Reached skill level 4 in Earth Magic
  1583 | D:10     | Reached skill level 4 in Poison Magic
  1644 | D:10     | Reached skill level 5 in Short Blades
  1644 | D:10     | Reached skill level 5 in Long Blades
  1644 | D:10     | Reached skill level 5 in Axes
  1644 | D:10     | Reached skill level 5 in Maces & Flails
  1644 | D:10     | Reached skill level 5 in Polearms
  1644 | D:10     | Reached skill level 5 in Staves
  1644 | D:10     | Reached skill level 5 in Slings
  1644 | D:10     | Reached skill level 5 in Bows
  1644 | D:10     | Reached skill level 5 in Crossbows
  1644 | D:10     | Reached skill level 5 in Throwing
  1644 | D:10     | Reached skill level 5 in Armour
  1644 | D:10     | Reached skill level 5 in Stealth
  1644 | D:10     | Reached skill level 5 in Shields
  1644 | D:10     | Reached skill level 5 in Evocations
  1731 | D:9      | Reached skill level 7 in Dodging
  1776 | D:9      | Got a crude flail
  1777 | D:9      | Identified the cursed +3 flail "Rummage" {venom, Str+4} (You found it on level 9 of the Dungeon)
  1796 | D:9      | Reached *** piety under Cheibriados
  1823 | D:9      | HP: 2/76 [troll (15)]
  1826 | D:9      | Reached skill level 6 in Fighting
  1831 | D:9      | Shot with an arrow by a centaur

Vault maps used:
D:1:      roderic_chinese_lattice_arrival
D:2:      nicolae_overflow_crystal_walls, okawaru_altar_gauntlet_db,
          first_ration
D:3:      elyvilon_altar_1, fiery_altar_vehumet, serial_bayou_pond_a
D:4:      kennysheep_mini, serial_shops, shop, uniq_robin
D:5:      kennysheep_generic_room_6
D:6:      temple_hall, uniq_menkaure, uniq_edmund
D:7:      uniq_pikel, uniq_crazy_yiuf_cottage
D:8:      lemuel_round_altar, serial_shops, nicolae_shop_behind_doors,
          the_bakery
D:9:      minmay_misc_feat_secret_circle
D:10:     minmay_lair_entry_lava, nooodl_orcs_dogs
Temple:   eino_temple_scatter_basement

Skill      XL: |  1  2  3  4  5  6  7  8  9 10 |
---------------+-------------------------------+-----
Spellcasting   | 5 6 7 |  7.4
Short Blades   | 1 2 3 4 5 |  5.3
Long Blades    | 1 2 3 4 5 |  5.3
Axes           | 1 2 3 4 5 |  5.3
Maces & Flails | 1 2 3 4 5 |  5.3
Polearms       | 1 2 3 4 5 |  5.3
Staves         | 1 2 3 4 5 |  5.3
Slings         | 1 2 3 4 5 |  5.3
Bows           | 1 2 3 4 5 |  5.3
Crossbows      | 1 2 3 4 5 |  5.3
Throwing       | 1 2 3 4 5 |  5.3
Armour         | 1 2 3 4 5 |  5.3
Stealth        | 1 2 3 4 5 |  5.3
Shields        | 1 2 3 4 5 |  5.3
Invocations    | 1 2 3 4 5 |  5.9
Evocations     | 1 2 3 4 5 |  5.3
Conjurations   | 1 2 3 4 |  4.4
Hexes          | 1 2 3 4 |  4.4
Charms         | 1 2 3 4 |  4.4
Summonings     | 1 2 3 4 |  4.4
Necromancy     | 1 2 3 4 |  4.4
Translocations | 1 2 3 4 |  4.4
Fire Magic     | 1 2 3 4 |  4.4
Ice Magic      | 1 2 3 4 |  4.4
Air Magic      | 1 2 3 4 |  4.4
Earth Magic    | 1 2 3 4 |  4.4
Poison Magic   | 1 2 3 4 |  4.4
Fighting       | 3 4 5 6 |  6.0
Transmutations | 4 5 |  5.9
Dodging        | 5 6 7 |  7.1
Unarmed Combat | 7 8 |  8.5

Action                   |  1- 3 |  4- 6 |  7- 9 | 10-12 || total
-------------------------+-------+-------+-------+-------++-------
Melee: Unarmed           |    45 |    20 |   141 |    64 ||   270
       Kick              |     8 |       |       |       ||     8
       Bite              |     4 |       |     2 |     6 ||    12
       Headbutt          |     1 |       |       |       ||     1
       Dagger            |       |       |     2 |       ||     2
       Punch             |       |       |     1 |     1 ||     2
Throw: Tomahawk          |       |       |     4 |     8 ||    12
 Cast: Beastly Appendage |     7 |       |       |       ||     7
       Sticks to Snakes  |     3 |     3 |    16 |     5 ||    27
       Spider Form       |     4 |     4 |    12 |       ||    20
       Blade Hands       |       |       |     4 |     6 ||    10
 Abil: End Transformatio |       |     2 |     1 |     3 ||     6
Evoke: Wand              |       |    15 |     3 |     7 ||    25
  Use: Scroll            |       |     3 |     6 |       ||     9
       Potion            |       |       |     3 |     2 ||     5
 Stab: Sleeping          |       |     2 |     6 |       ||     8
       Distracted        |       |       |     2 |       ||     2
  Eat: Chunk             |       |       |     6 |     1 ||     7
Armor: Skin              |     2 |       |    20 |       ||    22
       Robe              |     1 |     2 |     8 |    13 ||    24
Dodge: Dodged            |    47 |    14 |   104 |    59 ||   224

Table legend:
 A = Spawn XP
 B = Non-spawn XP
 C = Spawn XP percentage of total XP
 D = Spawn monster count
 E = Non-spawn monster count
 F = Spawn count percentage of total count
 G = Total turns spent on level
                    A         B        C        D         E        F      G
               +---------+---------+-------+---------+---------+-------+---------
         Total |       0 |    7434 |   0.0 |       0 |     134 |   0.0 |  1831
               +---------+---------+-------+---------+---------+-------+---------
           D:1 |       0 |      20 |   0.0 |       0 |       7 |   0.0 |   133
           D:2 |       0 |       2 |   0.0 |       0 |       1 |   0.0 |    27
           D:3 |       0 |      19 |   0.0 |       0 |      10 |   0.0 |   191
           D:4 |       0 |     240 |   0.0 |       0 |      17 |   0.0 |   180
           D:5 |       0 |     824 |   0.0 |       0 |      18 |   0.0 |   404
           D:6 |       0 |     199 |   0.0 |       0 |       3 |   0.0 |    97
           D:7 |       0 |     532 |   0.0 |       0 |      10 |   0.0 |   186
           D:8 |       0 |    1062 |   0.0 |       0 |      13 |   0.0 |   153
           D:9 |       0 |    1301 |   0.0 |       0 |      17 |   0.0 |   135
          D:10 |       0 |    3235 |   0.0 |       0 |      38 |   0.0 |   306
               +---------+---------+-------+---------+---------+-------+---------

Table legend:
 A = Turns spent in this place as a percentage of turns spent in the entire game.
 B = Non-inter-level travel turns spent in this place as a percentage of non-inter-level travel turns spent in the entire game.
 C = Inter-level travel turns spent in this place as a percentage of turns spent in this place.
 D = Turns resting spent in this place as a percentage of non-inter-level travel turns spent in this place.
 E = Turns spent auto-exploring this place as a percentage of non-inter-level travel turns spent in this place.
 F = Non-inter-level travel turns spent in this place divided by the number of levels of this place that you've seen.
                   A       B       C       D       E      F
               +-------+-------+-------+-------+-------+----------------------
         Total | 100.0 | 100.0 |   0.4 |   0.0 |   0.0 | 165.7
       Dungeon |  99.0 |  99.4 |   0.0 |   0.0 |   0.0 | 181.2
        Temple |   1.0 |   0.6 |  42.1 |   0.0 |   0.0 |  11.0
               +-------+-------+-------+-------+-------+----------------------

Table legend:
 A = Kills in this place as a percentage of kills in entire the game.
 B = Kills by you in this place as a percentage of kills by you in the entire game.
 C = Kills by friends in this place as a percentage of kills by friends in the entire game.
 D = Other kills in this place as a percentage of other kills in the entire game.
 E = Experience gained in this place as a percentage of experience gained in the entire game.
 F = Experience gained in this place divided by the number of levels of this place that you have seen.
                   A       B       C       D       E      F
               +-------+-------+-------+-------+-------+----------------------
         Total | 100.0 | 100.0 | 100.0 |   N/A | 100.0 | 675.8
       Dungeon | 100.0 | 100.0 | 100.0 |   N/A | 100.0 | 743.4
               +-------+-------+-------+-------+-------+----------------------

Vault maps used:
D:1:      roderic_chinese_lattice_arrival
D:2:      nicolae_overflow_crystal_walls, okawaru_altar_gauntlet_db,
          first_ration
D:3:      elyvilon_altar_1, fiery_altar_vehumet, serial_bayou_pond_a
D:4:      kennysheep_mini, serial_shops, shop, uniq_robin
D:5:      kennysheep_generic_room_6
D:6:      temple_hall, uniq_menkaure, uniq_edmund
D:7:      uniq_pikel, uniq_crazy_yiuf_cottage
D:8:      lemuel_round_altar, serial_shops, nicolae_shop_behind_doors,
          the_bakery
D:9:      minmay_misc_feat_secret_circle
D:10:     minmay_lair_entry_lava, nooodl_orcs_dogs
Temple:   eino_temple_scatter_basement
